 Dungeon Crawl Stone Soup version 0.20.1-1-g8b1a95d (webtiles) character file.

9472 Gargoyl the Protected (level 11, 0/142 HPs)
             Began as a Minotaur Abyssal Knight on Aug 31, 2017.
             Was a High Priest of Lugonu.
             Slain by a red draconian
             ... wielding a +2 flail of flaming
              (6 damage)
             ... in a volcano.
             The game lasted 00:25:49 (11692 turns).

Gargoyl the Protected (Minotaur Abyssal Knight)    Turns: 11692, Time: 00:25:49

Health: 0/142      AC: 20    Str: 23    XL:     11   Next: 23%
Magic:  13/13      EV: 10    Int: 11    God:    Lugonu [*****.]
Gold:   519        SH: 11    Dex: 12    Spells: 10/10 levels left

rFire    + . .     SeeInvis .   t - +3 hand axe
rCold    . . .     Gourm    .   w - +0 buckler
rNeg     + . .     Faith    .   n - +0 chain mail
rPois    .         Spirit   .   (helmet restricted)
rElec    +         Reflect  +   j - +2 cloak
rCorr    .         Harm     .   B - +1 pair of gloves
MR       .....                  F - +0 pair of boots
Stlth    ..........             C - +6 amulet of reflection
Regen    0.4/turn               d - ring "Fusih" {rElec Int+2}
MPRegen  0.2/turn               e - ring of positive energy

@: mighty, berserking, very quick
A: retaliatory headbutt, hooves 1, horns 2, fire resistance 1, low mp 1
a: Depart the Abyss, Bend Space, Banish, Corrupt, Enter the Abyss, Renounce
Religion


You were in a volcano.
You worshipped Lugonu.
Lugonu was extremely pleased with you.
You were not hungry.

You visited 2 branches of the dungeon, and saw 9 of its levels.
You visited the Abyss 1 time.
You also visited: Volcano.

You collected 577 gold pieces.
You spent 58 gold pieces at shops.

Inventory:

Hand Weapons
 a - a +2 hand axe
 t - a +3 hand axe (weapon)
 x - a +0 war axe
Missiles
 D - 2 javelins (quivered)
Armour
 j - a +2 cloak (worn)
 n - a +0 chain mail (worn)
 w - a +0 buckler (worn)
 B - a +1 pair of gloves (worn)
 F - a +0 pair of boots (worn)
 G - +0 fire dragon scales
Jewellery
 d - the ring "Fusih" (left hand) {rElec Int+2}
   (You found it on level 3 of the Abyss)

   [ring of intelligence]

   It affects your intelligence (+2).
   It insulates you from electricity.
 e - a ring of positive energy (right hand)
 i - an uncursed ring of flight
 C - a +6 amulet of reflection (around neck)
Wands
 k - a wand of random effects (32/48)
 l - a wand of lightning (7/15)
 q - a wand of digging (12/24)
Scrolls
 g - a scroll of amnesia
 o - 4 scrolls of remove curse
 p - a scroll of identify
 u - 3 scrolls of teleportation
 y - a scroll of fog
Potions
 m - a potion of cancellation {unknown}
 r - a potion of might
 s - 5 potions of flight
 v - 2 potions of haste
 z - a potion of berserk rage
 E - 2 potions of heal wounds {unknown}
Books
 A - a book of Battle

   Spells                             Type                      Level
   a - Infusion                       Charms                       1
   b - Shroud of Golubria             Charms/Translocation         2
   c - Song of Slaying                Charms                       2
   d - Spectral Weapon                Hexes/Charms                 3
   e - Regeneration                   Charms/Necromancy            3
Comestibles
 b - 5 fruits
 c - 3 bread rations
 f - 4 meat rations
 h - 3 chunks of flesh


   Skills:
 + Level 8.3 Fighting
 + Level 11.9 Axes
 + Level 1.1 Throwing
 * Level 12.1 Armour
 + Level 3.5 Dodging
 + Level 3.9 Shields
 * Level 7.0 Invocations


You had 10 spell levels left.
You didn't know any spells.

Dungeon Overview and Level Annotations

Branches:
Dungeon (8/15)             Temple (0/1) D:5            Lair (1/6) D:8

Altars:
Dithmenos
Fedhas
Gozag
Hepliaklqana
Makhleb
Okawaru
Qazlal
Sif Muna
The Shining One

Shops:
D:8 [[*[(


Innate Abilities, Weirdness & Mutations

You reflexively headbutt those who attack you in melee.
You have a pair of horns on your head.
You have large cloven feet.
Your flesh is heat resistant. (rF+)
Your magical capacity is low. (-10% MP)


Message History

The salamander barely misses you.
The salamander hits you from afar with a spear of flaming.
* * * LOW HITPOINT WARNING * * *
You are engulfed in flames!
You resist.
* * * LOW HITPOINT WARNING * * *
The salamander burns you.
* * * LOW HITPOINT WARNING * * *
The red draconian is engulfed in blazing flames.
The red draconian breathes flames at you.
The searing blast hits you! You resist.
* * * LOW HITPOINT WARNING * * *
It was a potion of berserk rage.
A red film seems to cover your vision as you go berserk!
You feel yourself moving faster!
You feel mighty!
In the distance, the volcano erupts with a roar.
The salamander shoots an arrow.
The arrow hits you but does no damage. You block the salamander's attack.
The salamander closely misses you.
The red draconian is engulfed in blazing flames.
The red draconian hits you with a flail of flaming.
You die...

≈≈≈≈≈≈ ## §§§§§§
####≈ §§§§≈
#≈§≈§≈#######≈§≈≈
§§§§###[$$!!###§≈
#≈§§§##.#.!.!.#.##
#≈§§§#..NN!.!.'..#
≈≈≈≈##.NN)._..(..#
≈≈§≈#...#d@..§#...
§≈≈§#..d#######...
§§≈≈#...(.!.)!'...
≈≈≈≈#..(#..≈..#...
#≈≈§#...#8§§§8#...
≈≈ ##..+§§§§§+ .#
#..+§§§§§+
≈##N#8§§§8#
§§###.....###≈§


You could see a red draconian and 4 salamanders.

Vanquished Creatures
  A salamander mystic (Volcano)
  A salamander (Volcano)
  A spiny frog (Lair:1)
  A hippogriff (Lair:1)
  2 wyverns (D:8)
  5 yaks (Lair:1)
  3 hungry ghosts
  11 soldier ants
  2 water moccasins (Lair:1)
  2 sky beasts
  An eye of draining (D:8)
  An ice beast (D:6)
  2 phantoms
  2 ogres
  6 centaurs
  3 bullfrogs
  A gnoll sergeant (D:8)
  2 scorpions
  4 howler monkeys
  11 electric eels
  4 crimson imps
  A centaur zombie (D:7)
  4 hounds
  A bullfrog zombie (D:5)
  2 jellies
  A centaur skeleton (D:7)
  An orc priest (D:4)
  A bullfrog skeleton (D:7)
  4 gnoll shamans
  An iguana (D:7)
  An iron imp (Abyss:1)
  An orc wizard (D:6)
  35 worker ants
  A hound skeleton (D:6)
  2 hound zombies
  47 gnolls
  17 adders
  A shadow imp (D:7)
  An adder zombie (D:8)
  3 adder skeletons
  4 worms
  A dart slug (D:4)
  5 leopard geckos
  22 orcs
  4 ball pythons
  8 giant cockroaches
  6 goblins
  15 hobgoblins
  23 jackals
  4 kobolds
  4 quokkas
  8 bats
  7 frilled lizards
  A leopard gecko skeleton (D:5)
  A leopard gecko zombie (D:5)
  9 rats
313 creatures vanquished.

Vanquished Creatures (others)
  A queen ant (D:7)
  A spiny frog (Lair:1)
  A hippogriff (D:7)
  2 ogres (D:4)
  An iguana (D:5)
  A jackal (D:7)
7 creatures vanquished.

Grand Total: 320 creatures vanquished

Notes
Turn   | Place    | Note
-------+----------+-------------------------------------------
     0 | Abyss:1  | Gargoyl the Minotaur Abyssal Knight began the quest for the Orb.
     0 | Abyss:1  | Reached XP level 1. HP: 19/19 MP: 1/1
   199 | Abyss:1  | Noticed a crimson imp
   200 | Abyss:1  | Noticed a crimson imp
   257 | Abyss:1  | Killed a crimson imp
   257 | Abyss:1  | Reached XP level 2. HP: 21/28 MP: 2/2
   257 | Abyss:1  | Reached XP level 3. HP: 26/34 MP: 3/3
   340 | Abyss:1  | Noticed a large abomination
   397 | Abyss:3  | Noticed a chaos spawn
   422 | Abyss:3  | Noticed a small abomination
   424 | Abyss:3  | Noticed a small abomination
   424 | Abyss:3  | Noticed a shining eye
   425 | Abyss:3  | Gained mutation: Your spells are a little easier to cast, but a little less powerful. [a shining eye]
   426 | Abyss:3  | Got a flickering turquoise ring
   427 | D:1      | Escaped the Abyss
   428 | D:1      | Identified the ring "Fusih" {rElec Int+2} (You found it on level 3 of the Abyss)
   526 | D:1      | Reached * piety under Lugonu
   530 | D:1      | Reached XP level 4. HP: 41/41 MP: 4/4
   924 | D:1      | Reached skill level 3 in Armour
   950 | D:1      | Reached skill level 5 in Fighting
  1425 | D:2      | Reached ** piety under Lugonu
  1823 | D:2      | Reached XP level 5. HP: 47/48 MP: 5/5
  2392 | D:3      | Lost mutation: Your spells are a little easier to cast, but a little less powerful. [potion of mutation]
  2392 | D:3      | Gained mutation: You possess an exceptional clarity of mind. [potion of mutation]
  2392 | D:3      | Gained mutation: Scrolls take you a little longer to read. [potion of mutation]
  2392 | D:3      | Gained mutation: You have an increased reservoir of magic. (+10% MP) [potion of mutation]
  2392 | D:3      | Gained mutation: Your flesh is cold resistant. (rC+) [potion of mutation]
  2756 | D:3      | Reached skill level 4 in Armour
  2811 | D:4      | Reached XP level 6. HP: 52/56 MP: 7/7
  2853 | D:4      | Reached skill level 5 in Axes
  2862 | D:4      | Reached *** piety under Lugonu
  3532 | D:4      | Found a deep blue altar of Sif Muna.
  3760 | D:4      | Lost mutation: You possess an exceptional clarity of mind. [potion of mutation]
  3760 | D:4      | Lost mutation: Scrolls take you a little longer to read. [potion of mutation]
  3760 | D:4      | Lost mutation: You have an increased reservoir of magic. (+10% MP) [potion of mutation]
  3760 | D:4      | Lost mutation: Your flesh is cold resistant. (rC+) [potion of mutation]
  3760 | D:4      | Gained mutation: You have large cloven feet. [potion of mutation]
  3760 | D:4      | Gained mutation: Your flesh is cold resistant. (rC+) [potion of mutation]
  3902 | D:4      | Reached skill level 5 in Armour
  3909 | D:4      | Reached XP level 7. HP: 47/61 MP: 8/8
  4114 | D:5      | Entered Level 5 of the Dungeon
  5045 | D:4      | Reached skill level 6 in Armour
  5482 | D:4      | Reached **** piety under Lugonu
  5887 | D:5      | Reached XP level 8. HP: 66/70 MP: 9/9
  6052 | D:5      | Found a staircase to the Ecumenical Temple.
  6097 | D:5      | Reached skill level 7 in Armour
  6136 | D:5      | Lost mutation: Your flesh is cold resistant. (rC+) [mutagenic meat]
  6137 | D:5      | Gained mutation: Your flesh is heat resistant. (rF+) [mutagenic meat]
  6138 | D:5      | Gained mutation: Your magical capacity is low. (-10% MP) [mutagenic meat]
  6268 | D:5      | Found a hazy altar of Hepliaklqana.
  6269 | D:5      | Found a stormy altar of Qazlal.
  6747 | D:6      | Found a shadowy altar of Dithmenos.
  6899 | D:6      | Reached skill level 8 in Armour
  7099 | D:6      | Reached ***** piety under Lugonu
  7599 | D:6      | Reached XP level 9. HP: 77/78 MP: 10/10
  7771 | D:7      | Reached skill level 1 in Shields
  7791 | D:7      | Reached skill level 5 in Invocations
  7829 | D:7      | Reached skill level 9 in Armour
  8776 | D:7      | Found a blossoming altar of Fedhas.
  8779 | D:7      | Found a glowing golden altar of the Shining One.
  8781 | D:7      | Found a burning altar of Makhleb.
  8906 | D:8      | Reached skill level 1 in Throwing
  8931 | D:8      | Found a staircase to the Lair.
  9139 | D:8      | Reached skill level 10 in Armour
  9171 | D:8      | Reached skill level 10 in Axes
  9177 | D:8      | Reached XP level 10. HP: 70/86 MP: 0/12
  9371 | D:7      | Found an iron altar of Okawaru.
  9371 | D:7      | Found an opulent altar of Gozag.
  9718 | D:8      | Noticed a queen ant
  9750 | D:7      | Banished a queen ant
 10161 | D:8      | Reached skill level 11 in Armour
 10454 | D:8      | Found Gyliojutz's Armour Boutique.
 10575 | D:8      | Bought a +0 pair of boots for 58 gold pieces
 10601 | D:8      | Found Soofar's Assorted Antiques.
 10670 | D:8      | Found Hikkucar's Antique Armour Boutique.
 10800 | D:8      | Found Ikhoguok's Armour Boutique.
 10881 | D:8      | Found Biabo's Antique Weapon Emporium.
 11204 | Lair:1   | Entered Level 1 of the Lair of Beasts
 11244 | Lair:1   | Reached XP level 11. HP: 55/94 MP: 13/13
 11618 | Lair:1   | Found a dark tunnel.
 11625 | Volcano  | Entered a volcano
 11642 | Volcano  | Noticed a salamander mystic
 11658 | Volcano  | Killed a salamander mystic
 11658 | Volcano  | Reached skill level 12 in Armour
 11659 | Volcano  | Found a bloodstained altar of Trog.
 11660 | Volcano  | Noticed a red draconian
 11691 | Volcano  | HP: 4/95 [red draconian/searing blast (5)]
 11692 | Volcano  | Slain by a red draconian

Skill      XL: |  1  2  3  4  5  6  7  8  9 10 11 |
---------------+----------------------------------+-----
Fighting       | 4 5 6 7 8 |  8.3
Axes           | 3 4 5 6 8 10 11 | 11.9
Invocations    | 2 3 4 5 6 7 |  7.0
Armour         | 3 4 5 6 8 10 11 12 | 12.1
Dodging        | 2 3 |  3.5
Shields        | 1 3 |  3.9
Throwing       | 1 |  1.1

Action                   |  1- 3 |  4- 6 |  7- 9 | 10-12 || total
-------------------------+-------+-------+-------+-------++-------
Melee: Hand axe          |    30 |   252 |   458 |   268 ||  1008
       Headbutt          |     2 |    34 |    70 |    45 ||   151
       Kick              |       |    11 |   121 |    53 ||   185
Throw: Tomahawk          |       |     4 |     1 |       ||     5
       Javelin           |       |       |     5 |       ||     5
Invok: Depart the Abyss  |     1 |       |       |       ||     1
       Banish            |       |     1 |     3 |     2 ||     6
       Bend Space        |       |       |       |     1 ||     1
  Use: Scroll            |     3 |     9 |     9 |     6 ||    27
       Potion            |       |     5 |     1 |     6 ||    12
  Eat: Chunk             |       |    10 |    21 |     6 ||    37
       Bread ration      |       |       |     1 |       ||     1
       Meat ration       |       |       |       |     1 ||     1
Armor: Leather armour    |     2 |       |       |       ||     2
       Scale mail        |     2 |    75 |       |       ||    77
       Chain mail        |       |    92 |   298 |   198 ||   588
Dodge: Dodged            |    16 |   129 |   177 |   128 ||   450
Block: Buckler           |       |       |    34 |    92 ||   126
       Reflection        |       |       |       |     1 ||     1
